 Dungeon Crawl Stone Soup version 0.23.0 (webtiles) character file.

Game seed: 18166904605705804051

3997 Masnef the Basher (level 10, -4/68 HPs)
             Began as an Octopode Abyssal Knight on Feb 16, 2019.
             Was a High Priest of Lugonu.
             Slain by a sky beast (5 damage)
             ... on level 10 of the Dungeon.
             The game lasted 00:31:29 (11296 turns).

Masnef the Basher (Octopode Abyssal Knight)        Turns: 11296, Time: 00:31:31

Health: -4/68      AC:  1    Str: 12    XL:     10   Next: 23%
Magic:  14/14      EV: 15    Int: 20    God:    Lugonu [*****.]
Gold:   110        SH:  5    Dex: 14    Spells: 3/11 levels left

rFire    + . .     SeeInvis .   G - +3 flail (crush)
rCold    . . .     Gourm    +   w - +1 buckler
rNeg     + . .     Faith    .   (helmet restricted)
rPois    .         Spirit   .   M - amulet of the gourmand
rElec    .         Reflect  .   h - +3 ring of intelligence
rCorr    +         Harm     .   k - ring of resist corrosion
MR       .....                  f - ring of positive energy
Stlth    ++++......             z - ring of wizardry
HPRegen  0.21/turn              F - +2 ring of dexterity
MPRegen  0.14/turn              N - ring of protection from fire
                                (no ring)
                                (no ring)

@: lightly drained
A: almost no armour, stealthy swim, amphibious, 8 rings, constrict 8, camouflage
1, gelatinous body 1
a: Depart the Abyss, Bend Space, Banish, Corrupt, Enter the Abyss, Renounce
Religion


You were on level 10 of the Dungeon.
You worshipped Lugonu.
Lugonu was extremely pleased with you.
You were completely stuffed.

You visited 1 branch of the dungeon, and saw 9 of its levels.
You visited the Abyss 1 time.
You also visited: Ossuary.

You collected 270 gold pieces.
You spent 160 gold pieces at shops.

Inventory:

Hand Weapons
 a - a +1 mace
 e - a +1 morningstar
 p - a +0 dagger of venom
 G - a +3 flail of crushing (weapon)
 H - a +5 shortbow of freezing
 J - a +5 dagger of draining
Missiles
 o - 7 needles of confusion
 s - 62 poisoned needles
Armour
 w - a +1 buckler (worn)
 E - a +2 large shield
Jewellery
 f - a ring of positive energy (on tentacle)
 h - a +3 ring of intelligence (left tentacle)
 k - a ring of resist corrosion (right tentacle)
 z - a ring of wizardry (on tentacle)
 F - a +2 ring of dexterity (on tentacle)
 M - an amulet of the gourmand (around mantle)
 N - a ring of protection from fire (on tentacle)
Wands
 t - a wand of polymorph (39)
 I - a wand of enslavement (6)
Scrolls
 g - 6 scrolls of teleportation
 i - 2 scrolls of blinking
 m - 3 scrolls of amnesia
 u - 2 scrolls of fog
 y - 2 scrolls of identify
 A - 2 scrolls of enchant weapon
 B - a scroll of fear
 O - a scroll of enchant armour
Potions
 c - 3 potions of brilliance
 d - 3 potions of flight
 j - 2 potions of berserk rage
 l - 4 potions of curing
 n - 2 potions of degeneration
 q - 3 potions of heal wounds {unknown}
 r - 2 potions of agility {unknown}
 v - a potion of might {unknown}
 x - a potion of lignification {unknown}
 C - a potion of cancellation
 K - a potion of haste {unknown}
Comestibles
 b - 18 rations


   Skills:
 + Level 6.2(6.1) Fighting
 + Level 9.3(9.2) Maces & Flails
 + Level 5.1(5.0) Dodging
 - Level 5.1(4.9) Stealth
 + Level 2.0(1.9) Shields
 + Level 1.1(1.0) Spellcasting
 - Level 4.7(4.5) Charms
 * Level 0.7(0.6) Summonings
 + Level 2.1(2.0) Ice Magic
 - Level 5.5(5.4) Invocations


You had 3 spell levels left.
You knew the following spells:

 Your Spells              Type           Power        Failure   Level  Hunger
a - Freeze                Ice            #...         4%          1    ##.....
b - Ozocubu's Armour      Chrm/Ice       ##......     7%          3    ####...
c - Summon Ice Beast      Ice/Summ       #.......     43%         4    #####..

Your spell library contained the following spells:

 Spells                   Type           Power        Failure   Level  Hunger
 Throw Frost              Conj/Ice       #.....       9%          2    ###....
 Throw Icicle             Conj/Ice       #.......     47%         4    #####..


Dungeon Overview and Level Annotations

Branches:
Dungeon (10/15)               Orc (0/2) D:10
 Temple: D:4-7         Lair: D:8-11

Altars:
Ashenzari
Elyvilon
Fedhas
Hepliaklqana
Makhleb
Okawaru
Ru
Uskayaw
Yredelemnul
Zin
The Shining One

Shops:
D:4 [   D:5 ?   D:10 %

Annotations:
D:10 Psyche


Innate Abilities, Weirdness & Mutations

You cannot wear most types of armour.
You are very stealthy in the water. (Stealth+)
You are amphibious.
You can wear up to eight rings at the same time.
You can use your tentacles to constrict eight enemies at once.
Your skin changes colour to match your surroundings (Stealth+).
Your rubbery body absorbs attacks. (AC +1, EV +1)


Message History

You barely miss something. Something hits you.
* * * LOW HITPOINT WARNING * * *
Something shocks you.
* * * LOW HITPOINT WARNING * * *
Space bends around you!
You blink.
An orc and a skeleton come into view.
Unknown command.
You sock something! Your squeeze misses something.
The orc shouts!
Something hits you.
* * * LOW HITPOINT WARNING * * *
Something shocks you.
* * * LOW HITPOINT WARNING * * *
You hit the orc. You grab the orc. You squeeze the orc.
You kill the orc!
Lugonu accepts your kill. Something hits you.
* * * LOW HITPOINT WARNING * * *
Something shocks you.
You die...

*,*******#..............
*,* #....###+##.... *,*
#....#.)..#.... *,*
#....).$..#.... *,*
#...)#....#.... *,*
#....#....#....
#.########....#....#....
#.............######....
#......@{...............
#......)................
#..................#####
###................#....
#................#....
#................#....
#....########....#....
#....*,,,,.,#...F#....
*****,,,,*,,,,..#....#....


There were no monsters in sight!

Vanquished Creatures
  Sigmund (D:4)
  Eustachio (D:5)
  Duvessa (D:7)
  Edmund (D:5)
  2 sky beasts
  A black bear (D:10)
  2 orc warriors (D:7)
  3 ogres
  2 centaurs
  Blork the orc (D:5)
  2 big kobolds
  5 bullfrogs
  Dowan (D:7)
  A scorpion (D:4)
  3 wights (D:10)
  A howler monkey (D:6)
  8 bullfrog zombies
  2 crimson imps
  2 centaur zombies
  2 jellies
  3 orc priests
  3 hounds
  A centaur skeleton (D:5)
  A bullfrog skeleton (D:6)
  12 mummies (Ossuary)
  Ijyb (D:5)
  2 iguanas
  9 worker ants
  4 orc wizards
  4 hound zombies
  3 hound skeletons
  A howler monkey zombie (Ossuary)
  5 worker ant zombies
  Robin (D:3)
  A howler monkey skeleton (D:5)
  9 adders
  An ooze (D:3)
  6 adder zombies
  4 worms
  2 dart slugs
  An adder simulacrum (D:9)
  5 leopard geckos
  31 orcs
  5 giant cockroaches
  17 goblins
  12 hobgoblins
  13 jackals
  13 kobolds
  2 quokkas
  2 ball pythons
  7 bats
  5 frilled lizards
  A giant cockroach zombie (Ossuary)
  2 goblin zombies (D:5)
  A jackal skeleton (D:7)
  A jackal zombie (Ossuary)
  2 leopard gecko skeletons (D:4)
  2 leopard gecko zombies
  2 quokka skeletons
  3 quokka zombies
  9 rats
251 creatures vanquished.

Vanquished Creatures (others)
  4 toadstools (D:1)
  6 withered plants (Ossuary)
10 creatures vanquished.

Grand Total: 261 creatures vanquished

Notes
Turn   | Place    | Note
-------+----------+-------------------------------------------
     0 | Abyss:1  | Masnef the Octopode Abyssal Knight began the quest for the
                  | Orb.
     0 | Abyss:1  | Reached XP level 1. HP: 16/16 MP: 2/2
     5 | D:1      | Escaped the Abyss
   372 | D:1      | Reached skill level 1 in Stealth
   372 | D:1      | Reached XP level 2. HP: 15/21 MP: 3/3
   846 | D:2      | Reached XP level 3. HP: 25/26 MP: 4/4
  1047 | D:2      | Found a burning altar of Makhleb.
  1050 | D:2      | Reached ** piety under Lugonu
  1626 | D:2      | Reached XP level 4. HP: 27/31 MP: 5/5
  1627 | D:2      | Noticed a bullfrog
  1635 | D:2      | Killed a bullfrog
  1635 | D:2      | Reached skill level 3 in Maces & Flails
  1635 | D:2      | Reached XP level 5. HP: 24/36 MP: 6/6
  2153 | D:3      | Noticed Robin
  2306 | D:3      | Killed Robin
  2637 | D:3      | Reached *** piety under Lugonu
  2753 | D:3      | Reached skill level 5 in Stealth
  2784 | D:3      | Found a hazy altar of Hepliaklqana.
  2784 | D:3      | Found a sacrificial altar of Ru.
  2785 | D:3      | Found a glowing silver altar of Zin.
  2793 | D:3      | Found a white marble altar of Elyvilon.
  2806 | D:3      | Reached XP level 6. HP: 42/42 MP: 7/7
  2986 | D:4      | Noticed a hippogriff
  3641 | D:4      | Reached skill level 4 in Maces & Flails
  3821 | D:4      | Found a glowing golden altar of the Shining One.
  4070 | D:4      | Found Getwokos's Armour Emporium.
  4081 | D:4      | Found a blossoming altar of Fedhas.
  4099 | D:4      | Bought a +0 buckler for 63 gold pieces
  4131 | D:3      | Reached skill level 5 in Maces & Flails
  4131 | D:3      | Reached XP level 7. HP: 30/48 MP: 8/8
  4149 | D:3      | HP: 1/48 [hippogriff (5)]
  5180 | D:4      | Found a basalt altar of Yredelemnul.
  5180 | D:4      | Found an iron altar of Okawaru.
  5883 | D:4      | Noticed Sigmund
  5923 | D:4      | Killed Sigmund
  5923 | D:4      | Reached skill level 6 in Maces & Flails
  5923 | D:4      | Reached XP level 8. HP: 54/54 MP: 10/10
  6094 | D:4      | Found a hide-covered altar of Uskayaw.
  6456 | D:5      | Entered Level 5 of the Dungeon
  6465 | D:5      | Found Ziesoech's Magic Scroll Shop.
  6471 | D:5      | Noticed Ijyb
  6505 | D:5      | Killed Ijyb
  6543 | D:5      | Reached skill level 5 in Fighting
  6692 | D:5      | Noticed Blork the orc
  6815 | D:5      | Found a sand-covered staircase.
  6823 | Ossuary  | Entered an ossuary
  6881 | Ossuary  | Reached **** piety under Lugonu
  7094 | Ossuary  | Reached skill level 7 in Maces & Flails
  7947 | D:5      | Noticed Eustachio
  8002 | D:5      | Killed Eustachio
  8002 | D:5      | Reached skill level 8 in Maces & Flails
  8002 | D:5      | Reached XP level 9. HP: 48/61 MP: 12/12
  8196 | D:5      | Reached ***** piety under Lugonu
  8277 | D:5      | Noticed Edmund
  8865 | D:5      | Killed Blork the orc
  8865 | D:5      | Reached skill level 5 in Invocations
  8938 | D:5      | Killed Edmund
  8938 | D:5      | Reached skill level 1 in Shields
  9337 | D:5      | Bought a scroll of blinking for 97 gold pieces
  9450 | D:6      | Learned a level 1 spell: Freeze
  9551 | D:6      | Reached skill level 9 in Maces & Flails
  9666 | D:6      | Reached skill level 5 in Dodging
  9683 | D:6      | Reached skill level 1 in Ice Magic
 10035 | D:6      | Reached skill level 1 in Spellcasting
 10042 | D:6      | Learned a level 3 spell: Ozocubu's Armour
 10086 | D:7      | Reached skill level 1 in Charms
 10136 | D:7      | Reached XP level 10. HP: 59/68 MP: 11/14
 10299 | D:7      | Noticed Duvessa
 10303 | D:7      | Noticed Dowan
 10309 | D:7      | Killed Duvessa
 10316 | D:7      | Killed Dowan
 10761 | D:7      | Learned a level 4 spell: Summon Ice Beast
 10901 | D:7      | You fall through a shaft for 3 floors!
 10901 | D:10     | Entered Level 10 of the Dungeon
 10918 | D:10     | Found Simel's Food Shop.
 10958 | D:9      | Found a shattered altar of Ashenzari.
 11131 | D:10     | Noticed Psyche
 11296 | D:10     | HP: 1/68 [something (3)]
 11296 | D:10     | Slain by a sky beast

Skill      XL: |  1  2  3  4  5  6  7  8  9 10 |
---------------+-------------------------------+-----
Stealth        | 1 3 4 5 |  5.1
Maces & Flails | 3 5 6 8 9 |  9.3
Dodging        | 3 4 5 |  5.1
Fighting       | 4 5 6 |  6.2
Invocations    | 3 4 5 |  5.5
Shields        | 1 2 |  2.0
Ice Magic      | 1 2 |  2.1
Spellcasting   | 1 |  1.1
Charms         | 3 4 |  4.7
Summonings     | |  0.7

Action                   |  1- 3 |  4- 6 |  7- 9 | 10-12 || total
-------------------------+-------+-------+-------+-------++-------
Melee: Mace              |    81 |   128 |    40 |       ||   249
       Constrict         |    24 |    30 |    78 |    24 ||   156
       Tentacles         |    10 |    20 |    57 |    25 ||   112
       Morningstar       |       |       |   231 |       ||   231
       Unarmed           |       |       |    24 |       ||    24
       Flail             |       |       |    72 |    99 ||   171
 Cast: Ozocubu's Armour  |       |       |     1 |     6 ||     7
       Freeze            |       |       |     1 |       ||     1
       Summon Ice Beast  |       |       |       |     2 ||     2
Invok: Bend Space        |       |     1 |     5 |     3 ||     9
  Use: Scroll            |       |     9 |     5 |     7 ||    21
       Potion            |       |       |     3 |       ||     3
 Stab: Sleeping          |    11 |    13 |    21 |     2 ||    47
       Distracted        |       |     2 |     1 |     1 ||     4
  Eat: Chunk             |     2 |     8 |    13 |    17 ||    40
       Ration            |       |       |     2 |       ||     2
Armor: Skin              |     8 |     7 |    11 |     7 ||    33
Dodge: Dodged            |    56 |    91 |   221 |    47 ||   415
Block: Buckler           |       |       |    13 |    23 ||    36
